 Dungeon Crawl Stone Soup version 0.27-a0-40-g5f2be0e231 (webtiles) character file.

Game seed: 5659447398273981017

38 Delamore the Skirmisher (level 3, -5/24 HPs)
             Began as a Gargoyle Fighter on Jan 5, 2021.
             Killed from afar by Natasha (6 damage)
             ... with a magic dart
             ... on level 2 of the Dungeon.
             The game lasted 00:01:12 (1320 turns).

Delamore the Skirmisher (Gargoyle Fighter)          Turns: 1320, Time: 00:01:12

Health: -5/24      AC: 10    Str: 20    XL:     3   Next: 43%
Magic:  3/3        EV:  7    Int:  8    God:
Gold:   62         SH: 10    Dex:  9    Spells: 2/2 levels left

rFire    . . .     SeeInvis .   a - +0 flail
rCold    . . .     Faith    .   c - +1 kite shield
rNeg     + . .     Spirit   .   b - +0 scale mail
rPois    ∞         Reflect  .   (no helmet)
rElec    +         Harm     .   (no cloak)
rCorr    .         Rampage  .   (no gloves)
Will     .....                  (no boots)
Stlth    ..........             h - amulet of inaccuracy (curse)
HPRegen  0.08/turn              (no ring)
MPRegen  0.08/turn              (no ring)

@: slowed, very slow
A: negative energy resistance 1, electricity resistance, unbreathing,
petrification resistance, miasma immunity, AC +3
a: no special abilities


You were on level 2 of the Dungeon.
You visited 1 branch of the dungeon, and saw 2 of its levels.

You collected 62 gold pieces.

Inventory:

Hand Weapons
 a - a +0 flail (weapon)
Missiles
 f - 7 poisoned darts (quivered)
 i - 4 curare-tipped darts
Armour
 b - a +0 scale mail (worn)
 c - a +1 kite shield (worn)
Jewellery
 h - a cursed amulet of inaccuracy (around neck)
Scrolls
 g - a scroll of random uselessness {unknown}
 j - a scroll of teleportation {unknown}
Potions
 d - a potion of might
 e - a potion of attraction {unknown}


   Skills:
 + Level 3.9 Fighting
 + Level 2.6 Maces & Flails
 - Level 3.2 Armour
 + Level 3.8 Shields


You had 2 spell levels left.
You didn't know any spells.
Your spell library was empty.

Dungeon Overview and Level Annotations

Branches:
Dungeon (2/15)

Altars:

Annotations:
D:2 Natasha


Innate Abilities, Weirdness & Mutations

You are resistant to torment.
Your stone body is resilient. (AC +3)
You are immune to poison.
You resist negative energy. (rN+)
You are resistant to electric shocks. (rElec)
You can survive without breathing.
You are immune to petrification.
You are immune to miasma.


Message History

Natasha is almost dead.
You block the bat's attack. The bat hits you but does no damage.
Natasha stares at you and mumbles some strange words.
The magic dart hits you.
* * * LOW HITPOINT WARNING * * *
Natasha claws you but does no damage.
You miss Natasha.
Natasha is almost dead.
The bat closely misses you.
The shadow imp shouts, "Get thee gone, thou jarring shard-borne deadneck!"
The bat hits you but does no damage. Natasha claws you.
* * * LOW HITPOINT WARNING * * *
Natasha claws you.
* * * LOW HITPOINT WARNING * * *
You miss Natasha.
Natasha is almost dead.
You block the bat's attack. The bat barely misses you.
Natasha stares at you and mumbles some strange words.
The magic dart hits you.
You die...

#..... #.# #..#.#####.#
# ..#.##....# #
######.#.##....# #
...............##### #
.....?...#.....†...#####
......5..#.........+....
######h#.#....#....#####
.......@......+....+....
.......b.#....#....#####
.........#.####....#####
..####.#.#.#.......'....
. .....#.#.##....#####
#.....#.# #......
###.#.#.# #.######
....#.# #. ..


You could see Natasha, a shadow imp (summoned) and a bat.

Vanquished Creatures
  A gnoll (D:1)
  A leopard gecko (D:1)
  2 bats
  5 goblins (D:1)
  5 hobgoblins
  3 jackals (D:1)
  4 kobolds
  2 rats
23 creatures vanquished.

Notes
Turn   | Place    | Note
-------+----------+-------------------------------------------
     0 | D:1      | Delamore the Gargoyle Fighter began the quest for the Orb.
     0 | D:1      | Reached XP level 1. HP: 14/14 MP: 1/1
    19 | D:1      | Reached XP level 2. HP: 17/19 MP: 2/2
   487 | D:1      | Reached XP level 3. HP: 24/24 MP: 3/3
  1293 | D:2      | Noticed Natasha
  1319 | D:2      | HP: 1/24 [Natasha (3)]
  1320 | D:2      | Killed from afar by Natasha

Illustrated notes

Levels and vault maps discovered:
D:1:      dpeg_arrival_simpleton_c, layout_basic, st_stairs_7,
          minmay_misc_feat_ornament, hangedman_glass_teeth
D:2:      layout_basic, minmay_door_square, uniq_natasha

Action                   || total
-------------------------++-------
Melee: Flail             ||   135
  Use: Scroll            ||     1
Armor: Scale mail        ||    91
Dodge: Dodged            ||    54
Block: Kite shield       ||    91

Table legend: (Time is in decaauts)
 A = Elapsed time spent in this place.
 B = Non-inter-level travel time spent in this place.
 C = Inter-level travel time spent in this place.
 D = Time resting spent in this place.
 E = Time spent auto-exploring this place.
 F = Levels seen in this place.
 G = Mean time per level.
                   A        B        C        D        E       F      G
               +--------+--------+--------+--------+--------+-----+--------+
         Total |   1370 |   1326 |     44 |      0 |   1065 |   2 |  685.0 |
       Dungeon |   1370 |   1326 |     44 |      0 |   1065 |   2 |  685.0 |
               +--------+--------+--------+--------+--------+-----+--------+

Top non-repeatable levels by time:
     D:1: 1250 daAuts
     D:2: 119 daAuts
